 Dungeon Crawl Stone Soup version 0.30.0-19-g36f170ea60 (webtiles) character file.

Game seed: 17985352009521820592

16797 Cheops the Basher (level 12, -7/86 HPs)
             Began as an Armataur Earth Elementalist on May 30, 2023.
             Was a Follower of Uskayaw.
             Mangled by a meliai
             ... wielding a +0 war axe
              (20 damage)
             ... on level 13 of the Dungeon.
             The game lasted 01:07:00 (19795 turns).

Cheops the Basher (Armataur Earth Elementalist)    Turns: 19795, Time: 01:07:01

Health: -7/86      AC:  8    Str: 14    XL:     12   Next: 13%
Magic:  7/18       EV:  9    Int: 25    God:    Uskayaw [*.....]
Gold:   487        SH:  0    Dex: 12    Spells: 0/19 levels left

rFire   . . .        b - +4 dagger (holy)
rCold   + . .        (no shield)
rNeg    . . .        U - +0 acid dragon scales
rPois   .            u - +0 helmet
rElec   .            s - scarf {harm}
rCorr   +            k - +0 pair of gloves
SInv    .            (no barding)
Will    .....        (no amulet)
Stlth   +++          x - +6 ring of intelligence
HPRegen 0.34/turn    J - ring of protection from cold
MPRegen 0.16/turn

%: harm (+30% outgoing, +20% incoming), roll
@: very slightly contaminated, studying Maces & Flails
A: large, rugged brown scales 3, deformed body, armoured tail, roll, long
tongue, awkward tongue
a: Renounce Religion, Stomp


You were on level 13 of the Dungeon.
You worshipped Uskayaw.
Uskayaw was noncommittal.
You visited 2 branches of the dungeon, and saw 14 of its levels.

You collected 809 gold pieces.
You spent 322 gold pieces at shops.

Inventory:

Hand Weapons
 a - the +5 mace of Crusades {flame, rPois Will- Int+2 Dex+2}
   (You found it on level 5 of the Dungeon)

   Int:       It affects your intelligence (+2).
   Dex:       It affects your dexterity (+2).
   rPois:     It protects you from poison.
   Will:      It decreases your willpower.
 b - a +4 dagger of holy wrath (weapon)
 c - the +2 short sword "Ydeaffon" {freeze, Dex+3}
   (You found it on level 3 of the Dungeon)

   Dex:       It affects your dexterity (+3).
 L - a +0 flail of holy wrath
 S - a +2 dagger of draining
Armour
 j - a +1 leather armour of positive energy
 k - a +0 pair of gloves (worn)
 s - a scarf of harm (worn)
 u - a +0 helmet (worn)
 E - a +0 buckler
 U - +0 acid dragon scales (worn)
 W - a +0 troll leather armour
Magical Staves
 f - a staff of conjuration
 I - a staff of death
Jewellery
 x - a +6 ring of intelligence (left hand)
 J - a ring of protection from cold (right hand)
Wands
 q - a wand of flame (26)
 F - a wand of polymorph (5)
 Q - a wand of paralysis (3)
 V - a wand of acid (2)
Scrolls
 i - 2 scrolls of fog {unknown}
 m - 2 scrolls of fear {unknown}
 o - 4 scrolls of vulnerability {unknown}
 r - 3 scrolls of blinking {unknown}
 t - a scroll of immolation {unknown}
 y - a scroll of enchant weapon
 z - 3 scrolls of magic mapping
 B - 3 scrolls of silence {unknown}
 C - 3 scrolls of enchant armour {unknown}
 G - a scroll of summoning
 H - a scroll of brand weapon
 N - 2 scrolls of poison
 P - 3 scrolls of teleportation
 T - a scroll of amnesia
Potions
 d - 4 potions of brilliance
 e - 2 potions of resistance
 h - 3 potions of haste
 l - 3 potions of flight {unknown}
 n - 5 potions of berserk rage {unknown}
 p - 4 potions of might
 v - 4 potions of magic
 w - 2 potions of mutation
 A - 3 potions of curing
 D - 4 potions of attraction
 K - 4 potions of lignification
 M - a potion of invisibility
 O - 2 potions of heal wounds
Miscellaneous
 g - a phantom mirror
 R - a box of beasts


   Skills:
 + Level 8.3 Short Blades
 - Level 11.0 Maces & Flails
 - Level 1.3 Dodging
 - Level 7.9 Stealth
 - Level 4.0 Spellcasting
 - Level 7.0 Conjurations
 * Level 2.3 Summonings
 - Level 5.0 Transmutations
 - Level 9.0 Earth Magic
 - Level 2.0 Evocations


You couldn't memorise any spells.
You knew the following spells:

 Your Spells              Type           Power      Damage    Failure   Level
a - Sandblast             Erth           100%       2d20      1%          1
b - Stone Arrow           Conj/Erth      90%        3d12      1%          3
d - Lee's Rapid Deconstr  Erth           25%        3d14*     9%          5
p - Petrify               Tmut/Erth      40%        N/A       8%          4
A - Animate Armour        Summ/Erth      66%        N/A       13%         4
P - Passwall              Tmut/Erth      33%        N/A       1%          2

Your spell library contained the following spells:

 Spells                   Type           Power      Damage    Failure   Level
 Kiss of Death            Conj/Necr      88%        2d12      3%          1
 Dazzling Flash           Conj/Hex       44%        N/A       10%         3
 Hailstorm                Conj/Ice       22%        3d7       10%         3
 Freeze                   Ice            20%        1d4       13%         1
 Necrotise                Necr           20%        1d5       13%         1
 Lesser Beckoning         Tloc           10%        N/A       21%         2
 Flame Wave               Conj/Fire      22%        2d8       30%         4
 Sticky Flame             Conj/Fire      22%        2d4       30%         4
 Confusing Touch          Hex            5%         N/A       36%         3
 Frozen Ramparts          Ice            10%        1d2       36%         3
 Gell's Gravitas          Tloc           5%         N/A       36%         3
 Teleport Other           Tloc           5%         N/A       36%         3
 Vhi's Electric Charge    Tloc/Air       10%        N/A       36%         3
 Blade Hands              Tmut           15%        N/A       43%         5
 Borgnjor's Vile Clutch   Necr/Erth      13%        N/A       50%         5
 Iron Shot                Conj/Erth      22%        9d5       58%         6
 Summon Ice Beast         Ice/Summ       10%        N/A       63%         4
 Arcjolt                  Conj/Air       11%        1d21      65%         5
 Dispel Undead            Necr           5%         3d7       78%         4
 Summon Mana Viper        Hex/Summ       10%        N/A       93%         5
 Agony                    Necr           5%         N/A       98%         5
 Silence                  Hex/Air        2%         N/A       98%         5
 Monstrous Menagerie      Summ           8%         N/A       100%        7
 Maxwell's Capacitive Co  Air            2%         ∞         100%        8


Dungeon Overview and Level Annotations

Branches:
Dungeon (13/15)            Temple (1/1) D:5            Lair (0/5) D:11
    Orc (0/2) D:10
 Vaults: D:13-14

Altars:
Ashenzari
Cheibriados
Dithmenos
Elyvilon
Fedhas
Gozag
Hepliaklqana
Kikubaaqudgha
Makhleb
Nemelex Xobeh
Okawaru
Qazlal
Ru
Sif Muna
Trog
Uskayaw
Vehumet
Wu Jian
Xom
Yredelemnul
Zin
The Shining One

Shops:
D:9 :*   D:11 *

Annotations:
D:12 exclusion: downstairs
D:13 !meilai, exclusion: 3 meliai


Innate Abilities, Weirdness & Mutations

You are completely covered in rugged brown scales. (AC +3, +7% HP)
Armour fits poorly on your strangely shaped body.
You have a long armoured tail.
You roll when moving toward enemies. (Rampage)
Your long tongue fully drains potion bottles. (2x potion effects)
Your tongue gives you trouble enunciating. (1.5x scroll delay)


Message History

Press: ? - help, Shift-Dir - straight line, f/p - meliai
Aim: a meliai, wielding a +0 hand axe and wearing a +0 robe (chance to affect: 66%)
You miscast Petrify.
You are very lightly contaminated with residual magic.
Nothing appears to happen.
The meliai hits you with a +0 hand axe! The meliai stings you.
You are poisoned.
The meliai poisons you! The meliai barely misses you. x2
Casting: Petrify (dangerous; 8% risk of failure)
Confirm with . or Enter, or press ? or * to list all spells.
Aiming: Petrify (dangerous; 8% risk of failure)
Press: ? - help, Shift-Dir - straight line, f/p - meliai
Aim: a meliai, wielding a +0 hand axe and wearing a +0 robe (chance to affect: 66%)
The meliai struggles to resist.
You feel very sick. The meliai hits you with a +0 hand axe.
The meliai stings you. The meliai hits you with a +0 hand axe!
* * * LOW HITPOINT WARNING * * *
The meliai stings you.
* * * LOW HITPOINT WARNING * * *
The meliai attacks as you move away! The meliai hits you but does no damage.
The meliai closely misses you.
You feel very sick. The meliai hits you with a +0 hand axe.
* * * LOW HITPOINT WARNING * * *
The meliai stings you but does no damage.
There is an open door here.
The meliai attacks as you move away! The meliai hits you with a +0 hand axe!
* * * LOW HITPOINT WARNING * * *
The meliai stings you but does no damage.
You feel sick.
The meliai buzzes angrily.
You feel better.
You slurp down every last drop of the potion of curing!
The meliai hits you with a +0 hand axe!
* * * LOW HITPOINT WARNING * * *
The meliai barely misses you. The meliai hits you with a +0 hand axe!
* * * LOW HITPOINT WARNING * * *
The meliai barely misses you. The meliai hits you with a +0 war axe!
You die...

..... #.... #....
####+##....#....
......#....#....
#####.#....+....
'...#.#....#....########.
#...#.#...>#....@y.......
#...#.#....######y##....
#####.#............# .
......#...[........#
......'..........y.#####
......#..................
......#.......#######....
......#.......# ...
####..#......## ..


You could see 3 meliai.

Vanquished Creatures
  A boulder beetle (D:12)
  2 two-headed ogres
  2 tengu warriors (D:13)
  Pikel (D:6)
  A deep elf pyromancer (D:8)
  A necromancer (D:12)
  An oklob plant (D:11)
  A cyclops (D:11)
  A manticore (D:11)
  A black mamba (shapeshifter) (D:13)
  2 gargoyles
  A kobold demonologist (D:11)
  2 trolls (D:12)
  Prince Ribbit (D:9)
  4 slime creatures
  Sigmund (D:6)
  A shadow (D:11)
  A vampire (D:9)
  20 yaks
  A basilisk (D:8)
  4 wraiths
  A wyvern (D:9)
  8 vampire mosquitoes
  An acid dragon (D:12)
  2 orc warriors
  2 water moccasins
  3 ice beasts
  2 sky beasts (D:7)
  2 black bears
  5 centaurs
  A lemure (D:6)
  A kobold brigand (D:9)
  A bullfrog (D:8)
  2 scorpions
  3 wights (D:10)
  12 killer bees
  3 howler monkeys
  3 hounds (D:6)
  A jelly (D:4)
  A gnoll bouda (D:4)
  5 orc priests
  An iguana (D:5)
  8 orc wizards
  2 yak simulacra (D:12)
  4 polar bear simulacra (D:12)
  A wolf simulacrum (D:12)
  Robin (D:3)
  10 adders
  14 gnolls
  A shadow imp (D:8)
  A white imp (D:7)
  4 ufetubi
  2 worms
  A dart slug (D:2)
  50 orcs
  4 ball pythons
  4 endoplasms
  2 giant cockroaches
  16 goblins
  12 hobgoblins
  3 quokkas
  7 bats
  3 frilled lizards
  14 kobolds
  7 rats
  4 river rat simulacra (D:12)
285 creatures vanquished.

Notes
Turn   | Place    | Note
-------+----------+-------------------------------------------
     0 | D:1      | Cheops the Armataur Earth Elementalist began the quest for
                  | the Orb.
     0 | D:1      | Reached XP level 1. HP: 14/14 MP: 3/3
   154 | D:1      | Found a faded altar of an unknown god.
   198 | D:1      | Reached XP level 2. HP: 20/21 MP: 3/5
   984 | D:2      | Reached XP level 3. HP: 27/27 MP: 2/6
   987 | D:2      | Learned a level 2 spell: Passwall
   991 | D:2      | Learned a level 3 spell: Stone Arrow
  1495 | D:2      | Reached XP level 4. HP: 35/35 MP: 5/7
  2331 | D:3      | Identified the +2 short sword "Ydeaffon" {freeze, Dex+3}
  2989 | D:3      | Found an ornate altar of the Wu Jian Council.
  3013 | D:3      | Noticed Robin
  3016 | D:3      | Killed Robin
  3052 | D:3      | Reached skill level 1 in Evocations
  3152 | D:3      | Reached XP level 5. HP: 40/40 MP: 3/8
  3800 | D:4      | Reached XP level 6. HP: 48/48 MP: 3/9
  3826 | D:4      | Reached skill level 5 in Earth Magic
  4344 | D:4      | Reached skill level 1 in Conjurations
  4751 | D:5      | Entered Level 5 of the Dungeon
  4813 | D:5      | Found a white marble altar of Elyvilon.
  4831 | D:5      | Identified the +5 mace of Crusades {flame, rPois Will-
                  | Int+2 Dex+2}
  5000 | D:5      | Noticed an ice beast
  5168 | D:5      | Found a staircase to the Ecumenical Temple.
  5211 | Temple   | Entered the Ecumenical Temple
  5290 | Temple   | Became a worshipper of Uskayaw the Reveller
  5313 | D:5      | Reached * piety under Uskayaw
  5315 | D:5      | Reached skill level 5 in Stealth
  5380 | D:5      | Found a sacrificial altar of Ru.
  5492 | D:5      | Noticed an ice beast
  5549 | D:5      | Reached ** piety under Uskayaw
  5551 | D:5      | Killed an ice beast
  5552 | D:5      | Reached XP level 7. HP: 53/53 MP: 0/10
  5695 | D:5      | Found a radiant altar of Vehumet.
  5782 | D:5      | Found an ancient bone altar of Kikubaaqudgha.
  5783 | D:5      | Found a shimmering blue altar of Sif Muna.
  5789 | D:5      | Got Kikubaaqudgha's Omnibus of Exhumation
  5988 | D:5      | Found a radiant altar of Vehumet.
  5988 | D:5      | Found an ancient bone altar of Kikubaaqudgha.
  5990 | D:5      | Found a shimmering blue altar of Sif Muna.
  6054 | D:5      | Found a staircase to the Ecumenical Temple.
  6096 | D:5      | Found a white marble altar of Elyvilon.
  6327 | D:5      | Found a sacrificial altar of Ru.
  6535 | D:5      | Learned a level 4 spell: Petrify
  6656 | D:5      | Got the Excursus on Petrified Pyromania
  6710 | D:6      | Found a sparkling altar of Nemelex Xobeh.
  7271 | D:6      | Found an iron altar of Okawaru.
  7414 | D:6      | Noticed Sigmund
  7417 | D:6      | Killed Sigmund
  7418 | D:6      | Reached skill level 5 in Conjurations
  7418 | D:6      | Reached XP level 8. HP: 60/60 MP: 4/11
  7498 | D:6      | Reached skill level 1 in Maces & Flails
  7593 | D:6      | Noticed Pikel
  7700 | D:6      | Killed Pikel
  7700 | D:6      | Reached *** piety under Uskayaw
  7701 | D:6      | Reached skill level 5 in Maces & Flails
  7774 | D:6      | Reached skill level 6 in Maces & Flails
  8155 | D:6      | Reached skill level 1 in Transmutations
  8299 | D:7      | Reached **** piety under Uskayaw
  8300 | D:7      | Reached ***** piety under Uskayaw
  8301 | D:7      | Reached skill level 1 in Short Blades
  8301 | D:7      | Reached XP level 9. HP: 45/66 MP: 1/12
  9011 | D:7      | Found a glowing golden altar of the Shining One.
  9210 | D:7      | Reached skill level 7 in Maces & Flails
  9779 | D:8      | Noticed a two-headed ogre
 10119 | D:8      | Killed a two-headed ogre
 10226 | D:8      | Reached skill level 8 in Maces & Flails
 10229 | D:8      | Noticed a deep elf pyromancer
 10234 | D:8      | Reached skill level 5 in Transmutations
 10519 | D:8      | Killed a deep elf pyromancer
 10520 | D:8      | Reached XP level 10. HP: 73/73 MP: 0/14
 10620 | D:8      | HP: 3/73 [orc warrior/bolt (10)]
 11143 | D:8      | Reached skill level 9 in Maces & Flails
 11308 | D:8      | Learned a level 5 spell: Lee's Rapid Deconstruction
 11586 | D:9      | Found Tomol's Demolitions Depot.
 11939 | D:9      | Noticed Prince Ribbit
 11948 | D:9      | Killed Prince Ribbit
 11949 | D:9      | Reached skill level 5 in Short Blades
 12039 | D:9      | Reached skill level 10 in Maces & Flails
 12064 | D:9      | Found a burning altar of Makhleb.
 12203 | D:9      | Found a blossoming altar of Fedhas.
 12475 | D:9      | Found a bloodstained altar of Trog.
 12943 | D:9      | Found Leifilac's Tremendous Tomes.
 13007 | D:10     | Entered Level 10 of the Dungeon
 13612 | D:10     | Found a basalt altar of Yredelemnul.
 14496 | D:10     | Reached XP level 11. HP: 79/79 MP: 8/17
 14562 | D:10     | Found a broken altar of Ashenzari.
 14709 | D:10     | Found a staircase to the Orcish Mines.
 14941 | D:10     | Reached skill level 11 in Maces & Flails
 15638 | D:11     | Found a staircase to the Lair.
 15649 | D:11     | Noticed an oklob plant
 16079 | D:11     | Killed an oklob plant
 16497 | D:11     | Found Reolal's General Store.
 16517 | D:11     | Bought a scroll of amnesia for 68 gold pieces
 16517 | D:11     | Bought a scroll of magic mapping for 127 gold pieces
 16517 | D:11     | Bought a scroll of enchant weapon for 127 gold pieces
 16962 | D:11     | Found a shimmering altar of Xom.
 17078 | D:11     | Found a shimmering altar of Xom.
 17079 | D:11     | Found a shimmering altar of Xom.
 17904 | D:12     | Noticed a two-headed ogre
 18418 | D:12     | Killed a two-headed ogre
 18605 | D:12     | Noticed a necromancer
 18606 | D:12     | Killed a necromancer
 18869 | D:12     | Noticed a boulder beetle
 18922 | D:12     | Killed a boulder beetle
 18935 | D:12     | Reached XP level 12. HP: 58/86 MP: 0/18
 19143 | D:12     | Learned a level 4 spell: Animate Armour
 19187 | D:13     | HP: 2/86 [meliai/divine providence (18)]
 19520 | D:13     | Noticed a tengu warrior
 19520 | D:13     | Noticed a tengu warrior
 19526 | D:13     | Killed a tengu warrior
 19527 | D:13     | Reached skill level 1 in Summonings
 19530 | D:13     | Killed a tengu warrior
 19795 | D:13     | Mangled by a meliai

Illustrated notes

Levels and vault maps discovered:
D:1:      minmay_arrival_glassed_features, layout_basic,
          hellmonk_ecumenical_altar_zigzags, minmay_misc_feat_cross,
          minmay_misc_feat_rugged
D:2:      layout_basic
D:3:      layout_loops_cross, nzn_wu_jian_contemplation, uniq_robin
D:4:      layout_loops_cross, serial_forest, infiniplex_forest_straight_2,
          infiniplex_forest_lined_room_2, infiniplex_forest_straight_4,
          infiniplex_forest_lined_1, infiniplex_forest_end_1
D:5:      layout_loops_cross, grunt_temple_overflow_magic_moments,
          mainiacjoe_overflow_catwalk, lemuel_tele_altar,
          minmay_temple_entry_tees
D:6:      layout_basic, mainiacjoe_overflow_boulevard, old_standard_altar,
          dreamdust_gnoll_farm, uniq_sigmund, uniq_pikel
D:7:      layout_rooms, tso_altar, hangedman_abyss_or_decor_jellyfish_corner
D:8:      minmay_chambers_of_sixes, layout_cave_pools
D:9:      layout_loops_corners, kennysheep_mini_moat, old_standard_altar,
          kennysheep_little_box, nicolae_blasting_shop,
          nicolae_shop_i_like_big_books, uniq_prince_ribbit1
D:10:     layout_roguey, mainiacjoe_overflow_24_doors,
          mainiacjoe_overflow_cross_hatched, hiddenorc2_lemuel
D:11:     layout_stronghold, dpeg_oklobed_lair, serial_shops, shop,
          xom_redecorated
D:12:     layout_basic, serial_rivers, chequers_serial_rivers_micro_e,
          chequers_serial_rivers_micro_e, chequers_serial_rivers_small_a,
          chequers_serial_rivers_small_3, chequers_serial_rivers_room_a,
          minmay_misc_feat_hallway, eino_house_with_fridge
D:13:     layout_irregular_city, erik_vaults_1
Temple:   nicolae_temple_ecumenical_triangle

Skill      XL: |  1  2  3  4  5  6  7  8  9 10 11 12 |
---------------+-------------------------------------+-----
Spellcasting   | 2 3 4 |  4.0
Earth Magic    | 3 4 5 6 9 |  9.0
Stealth        | 3 4 5 6 7 |  7.9
Evocations     | 1 2 |  2.0
Conjurations   | 3 5 7 |  7.0
Maces & Flails | 6 8 10 11 | 11.0
Transmutations | 2 5 |  5.0
Short Blades   | 1 3 6 8 |  8.3
Summonings     | 2 |  2.3
Dodging        | |  1.3

Action                     |  1- 3 |  4- 6 |  7- 9 | 10-12 || total
---------------------------+-------+-------+-------+-------++-------
  Melee: Unarmed           |     5 |       |       |       ||     5
         Tailslap          |     1 |     1 |     1 |    24 ||    27
         Dagger            |       |     4 |       |    74 ||    78
         Short sword       |       |     9 |    20 |    66 ||    95
         Mace              |       |     2 |       |     3 ||     5
         Punch             |       |       |     1 |     1 ||     2
   Cast: Sandblast         |    42 |    65 |    43 |    19 ||   169
         Stone Arrow       |     2 |    29 |    56 |   143 ||   230
         Petrify           |       |       |     2 |    16 ||    18
         Passwall          |       |       |       |     7 ||     7
         Lee's Rapid Decon |       |       |       |    26 ||    26
  Evoke: Wand              |       |     1 |       |       ||     1
    Use: Scroll            |       |     4 |     5 |    10 ||    19
         Potion            |       |       |     1 |     1 ||     2
   Stab: Sleeping          |       |       |     2 |     5 ||     7
         Paralysed         |       |       |     3 |    15 ||    18
         Petrified         |       |       |     3 |    14 ||    17
 Armour: Robe              |     4 |     7 |    25 |    52 ||    88
         Acid dragon scale |       |       |       |    11 ||    11
  Dodge: Dodged            |     3 |    26 |    39 |    85 ||   153
